 Dungeon Crawl Stone Soup version 0.15-a0-171-ge5ebe08 (webtiles) character file.

5513 PolkaDot the Cloud Mage (level 10, -5/68 HPs)
             Began as a Vampire Air Elementalist on Apr 18, 2014.
             Was a High Priest of Sif Muna.
             Killed by dispel undead
             ... invoked by Josephine
              (26 damage)
             ... on Level 10 of the Dungeon.
             The game lasted 00:59:42 (8187 turns).

PolkaDot the Cloud Mage (Vampire Air Elementalist)  Turns: 8187, Time: 00:59:44

HP  -5/68        AC 10     Str 12      XL: 10   Next: 30%
MP  24/27        EV 11     Int 20      God: Sif Muna [*****.]
Gold 468         SH  9     Dex 14      Spells:  4 memorised,  4 levels left

rFire  . . .     SeeInvis +     E - +2,+1 cutlass (curse)
rCold  + + .     Clarity  .     a - +0 robe
rNeg   + + .     Conserve .     j - +0 buckler
rPois  +         rCorr    .     (no helmet)
rElec  .         rRot     +     n - +1 cloak
SustAb . .       Spirit   .     c - +0 pair of gloves
rMut   +         Warding  .     g - +2 pair of boots
Saprov . . .     Stasis   .     G - amulet of resist mutation
MR     +....                    q - ring of protection from cold
                                I - ring of magical power

@: regenerating slowly, mighty, somewhat resistant to hostile enchantments,
stealthy
A: bottle blood, fangs 3, large bone plates 1, see invisible, unbreathing
a: Bat Form, Bottle Blood, Channel Energy, Forget Spell, Renounce Religion


You were on level 10 of the Dungeon.
You worshipped Sif Muna.
Sif Muna was extremely pleased with you.
You were thirsty.

You visited 2 branches of the dungeon, and saw 11 of its levels.

You collected 468 gold pieces.

Inventory:

Hand weapons
 E - a cursed +2,+1 cutlass (weapon)
Armour
 a - a +0 robe (worn)
 c - a +0 pair of gloves (worn)
 g - a +2 pair of boots (worn)
 j - a +0 buckler (worn)
 n - a +1 cloak (worn)
Magical devices
 i - a wand of digging (9)
 u - a wand of draining (0)
 v - a wand of confusion (0)
 F - a wand of frost (14)
Scrolls
 e - 4 scrolls of recharging
 f - a scroll of enchant armour
 o - 5 scrolls of remove curse
 p - a scroll of immolation
 w - a scroll of enchant weapon I
 x - a scroll of fog {unknown}
 C - a scroll of teleportation {unknown}
 D - a scroll of vulnerability {unknown}
 H - a scroll of blinking {unknown}
Jewellery
 d - a +3 ring of dexterity
 q - a ring of protection from cold (right hand)
 r - an uncursed ring of protection from fire
 t - an uncursed ring of protection from fire
 y - an uncursed ring of ice
 A - an uncursed ring of fire
 B - a +5 ring of evasion
 G - an amulet of resist mutation (around neck)
 I - a ring of magical power (left hand)
Potions
 k - a potion of flight
 z - 3 potions of lignification
Books
 b - a book of Air

   Spells                             Type                      Level
   Shock                              Conjuration/Air              1
   *Swiftness                         Charms/Air                   2
   *Repel Missiles                    Charms/Air                   2
   Flight                             Charms/Air                   3
   *Static Discharge                  Conjuration/Air              3
   Lightning Bolt                     Conjuration/Air              5
 h - a book of Power

   Spells                             Type                      Level
   Fulminant Prism                    Conjuration/Hexes            4
   *Iskenderun's Mystic Blast         Conjuration                  4
   Venom Bolt                         Conjuration/Poison           5
   Bolt of Magma                      Conjuration/Fire/Earth       5
   Iron Shot                          Conjuration/Earth            6
   Orb of Destruction                 Conjuration                  7
 K - a book of Party Tricks

   Spells                             Type                      Level
   Summon Butterflies                 Summoning                    1
   Apportation                        Translocation                1
   Blink                              Translocation                2
   Alistair's Intoxication            Transmutation/Poison         4
   Tukima's Dance                     Hexes                        5
 L - a book of Conjurations

   Spells                             Type                      Level
   Magic Dart                         Conjuration                  1
   Searing Ray                        Conjuration                  2
   Dazzling Spray                     Conjuration/Hexes            3
   Fulminant Prism                    Conjuration/Hexes            4
   *Iskenderun's Mystic Blast         Conjuration                  4
   Iskenderun's Battlesphere          Conjuration/Charms           5


   Skills:
 - Level 2.7 Fighting
 - Level 8.3 Short Blades
 - Level 2.1 Dodging
 - Level 3.0 Stealth
 - Level 3.0 Spellcasting
 + Level 6.4 Conjurations
 * Level 9.8 Air Magic


You had 4 spell levels left.
You knew the following spells:

 Your Spells              Type           Power        Failure   Level  Hunger
d - Iskenderun's Mystic   Conj           ####....     14%         4    ####...
s - Static Discharge      Conj/Air       #####...     1%          3    ###....
D - Repel Missiles        Chrm/Air       ###...       3%          2    ##.....
S - Swiftness             Chrm/Air       ###.....     3%          2    ##.....


Dungeon Overview and Level Annotations

Branches:
Dungeon (10/15)            Temple (1/1) D:6
    Orc: D:9-12        Lair: D:8-11

Altars:
Ashenzari
Cheibriados
Dithmenos
Elyvilon
Fedhas
Kikubaaqudgha
Makhleb
Nemelex Xobeh
Okawaru
Sif Muna
Trog
Yredelemnul
Zin
The Shining One

Shops:
D:6 %

Annotations:
D:10 Josephine


Innate Abilities, Weirdness & Mutations

You heal slowly.
You can bottle blood from corpses.
You have razor-sharp teeth.*
You have supernaturally acute eyesight.
You can survive without breathing.*
You are partially covered in large bone plates (AC +2, SH +2).*


Message History

Josephine is moderately wounded.
You block Josephine's attack.
You puncture Josephine!
Josephine is moderately wounded.
Josephine hits you but does no damage.
You slash Josephine!
Josephine is heavily wounded.
Josephine gestures at you while chanting.
You convulse!
You hit Josephine.
Josephine is heavily wounded.
Josephine hits you but does no damage.
Casting: Static Discharge
Confirm with . or Enter, or press ? or * to list all spells.
Josephine is struck by lightning.
Josephine is severely wounded.
The lightning grounds out.
Josephine gestures at you while chanting.
You convulse!
You die...

### #..... #...... ......
.... ... ###########.##
.........##ZZ######
..........@@ZC.....#
###.###.####Z.....#
#.#⌠#.# .#.#..#
#.###.####.......
##########..........#.#..#
........#####............
#######.'...#.........z.
..#...#.###.#..........
#.#.#.#.# #.'.........


You could see Josephine, a hill giant, a centaur simulacrum, a hill giant
zombie, a cyclops zombie and a troll skeleton.

Vanquished Creatures
  Pikel (D:7)
  A two-headed ogre (D:9)
  A hippogriff (D:8)
  Grum (D:8)
  A deep elf fighter (D:8)
  Edmund (D:7)
  3 wolves (D:8)
  An ice beast (D:7)
  2 sky beasts
  2 slaves (D:7)
  A phantom (D:8)
  5 orc warriors
  5 ogres
  3 centaurs
  Duvessa (D:7)
  3 giant frogs
  A big kobold (D:9)
  Blork the orc (D:4)
  2 giant goldfish zombies (D:8)
  A vampire bat (D:4)
  9 wights
  Dowan (D:7)
  A goliath beetle (D:7)
  2 crimson imps
  Crazy Yiuf (D:4)
  A centaur skeleton (D:4)
  3 jellies
  5 orc priests
  A giant frog skeleton (D:6)
  2 hounds
  3 worker ants
  4 iguanas
  5 orc wizards
  A killer bee zombie (D:6)
  Ijyb (D:4)
  Jessica (D:3)
  A mummy (D:9)
  4 gnolls (D:6)
  13 adders
  A scorpion zombie (D:5)
  An inept feature mimic (D:6)
  5 worms
  A giant eyeball (D:5)
  2 giant geckos
  19 bats
  6 giant cockroaches
  10 hobgoblins
  4 quokkas
  4 ball pythons
  6 giant newts
  3 giant spores
  12 goblins
  6 jackals
  18 kobolds
  24 orcs
  An orc skeleton (D:10)
  8 rats
  A rat skeleton (D:4)
  A rat zombie (D:7)
  24 ballistomycetes
253 creatures vanquished.

Vanquished Creatures (others)
  An orc wizard (D:9)
  A giant spore (D:6)
  A quokka (D:9)
  A rat (D:9)
4 creatures vanquished.

Grand Total: 257 creatures vanquished

Notes
Turn   | Place    | Note
--------------------------------------------------------------
     0 | D:1      | PolkaDot, the Vampire Air Elementalist, began the quest for the Orb.
     0 | D:1      | Reached XP level 1. HP: 13/13 MP: 3/3
   121 | D:1      | Reached skill level 1 in Fighting
   310 | D:1      | Reached XP level 2. HP: 21/21 MP: 4/4
   680 | D:1      | Reached skill level 1 in Short Blades
   932 | D:2      | Reached XP level 3. HP: 27/27 MP: 6/6
  1324 | D:3      | Noticed Jessica
  1334 | D:3      | Killed Jessica
  1334 | D:3      | Reached XP level 4. HP: 20/33 MP: 7/7
  1504 | D:3      | Reached skill level 4 in Short Blades
  1773 | D:3      | Reached XP level 5. HP: 28/38 MP: 9/9
  1986 | D:4      | Noticed Ijyb
  1999 | D:4      | Killed Ijyb
  1999 | D:4      | Reached skill level 5 in Short Blades
  2006 | D:4      | Noticed Blork the orc
  2011 | D:5      | Entered Level 5 of the Dungeon
  2058 | D:6      | Noticed a centaur
  2079 | D:6      | Killed a centaur
  2079 | D:6      | Reached skill level 6 in Short Blades
  2079 | D:6      | Reached XP level 6. HP: 28/44 MP: 10/10
  2101 | D:6      | Gained mutation: You are partially covered in large bone plates (AC +2, SH +2). [potion of beneficial mutation]
  2328 | D:6      | Reached skill level 7 in Short Blades
  2373 | D:6      | Noticed an orc warrior
  2384 | D:6      | Noticed an orc warrior
  2399 | D:6      | Killed an orc warrior
  2399 | D:6      | Reached XP level 7. HP: 7/49 MP: 12/12
  2423 | D:6      | Killed an orc warrior
  2423 | D:6      | Reached skill level 8 in Short Blades
  2566 | D:6      | Found a staircase to the Ecumenical Temple.
  2608 | Temple   | Entered the Ecumenical Temple
  2725 | Temple   | Became a worshipper of Sif Muna the Loreminder
  2945 | D:4      | Found a blossoming altar of Fedhas.
  2988 | D:4      | Noticed Crazy Yiuf
  2997 | D:4      | Killed Crazy Yiuf
  3048 | D:4      | Reached skill level 1 in Conjurations
  3554 | D:4      | Killed Blork the orc
  3565 | D:4      | Learned a level 3 spell: Static Discharge
  3568 | D:4      | Learned a level 2 spell: Repel Missiles
  3571 | D:4      | Learned a level 2 spell: Swiftness
  3866 | D:5      | Paralysed by a giant eyeball for 3 turns
  3874 | D:5      | Paralysed by a giant eyeball for 4 turns
  3914 | D:5      | Noticed an ogre
  3929 | D:5      | Killed an ogre
  3929 | D:5      | Reached XP level 8. HP: 34/57 MP: 13/13
  4017 | D:5      | Acquired Sif Muna's first power
  4643 | D:6      | Noticed an orc warrior
  4644 | D:6      | Found Thosu's Food Shop.
  4653 | D:6      | Killed an orc warrior
  4766 | D:7      | Reached skill level 5 in Air Magic
  4855 | D:7      | Noticed Edmund
  4876 | D:7      | Killed Edmund
  4896 | D:7      | Noticed Duvessa
  4901 | D:7      | Noticed Dowan
  4929 | D:7      | Killed Duvessa
  4950 | D:7      | Killed Dowan
  5005 | D:7      | Noticed Pikel
  5029 | D:7      | Killed Pikel
  5029 | D:7      | Acquired Sif Muna's second power
  5029 | D:7      | Reached XP level 9. HP: 58/62 MP: 14/14
  5429 | D:8      | Learned a level 4 spell: Iskenderun's Mystic Blast
  5549 | D:8      | Reached skill level 5 in Conjurations
  5739 | D:8      | Found a shattered altar of Ashenzari.
  5797 | D:8      | Noticed Grum
  5820 | D:8      | Killed Grum
  5892 | D:8      | Acquired Sif Muna's third power
  6070 | D:8      | Reached skill level 9 in Air Magic
  6277 | D:8      | Reached XP level 10. HP: 65/68 MP: 17/17
  6353 | D:8      | Found a basalt altar of Yredelemnul.
  8139 | D:10     | Entered Level 10 of the Dungeon
  8169 | D:10     | Noticed Josephine
  8173 | D:10     | Noticed a hill giant
  8187 | D:10     | Killed from afar by Josephine

Action                   |  1- 3 |  4- 6 |  7- 9 | 10-12 || total
-------------------------+-------+-------+-------+-------++-------
Melee: Unarmed           |     7 |       |       |       ||     7
       Whip              |    19 |       |       |       ||    19
       Dagger            |    80 |   138 |   452 |       ||   670
       Cutlass           |       |       |    24 |   284 ||   308
 Cast: Shock             |    11 |       |     1 |       ||    12
       Static Discharge  |       |       |    38 |    26 ||    64
       Iskenderun's Myst |       |       |    23 |    17 ||    40
Invok: Channel Energy    |       |       |    90 |     4 ||    94
 Abil: Bottle Blood      |       |       |    35 |       ||    35
       End Transformatio |       |       |       |     1 ||     1
       Bat Form          |       |       |       |     1 ||     1
Evoke: Wand              |       |     6 |     9 |       ||    15
  Use: Potion            |     1 |     3 |    55 |     4 ||    63
       Scroll            |       |     8 |    10 |     3 ||    21
 Stab: Sleeping          |     6 |     3 |     6 |     1 ||    16
       Distracted        |     1 |       |       |       ||     1
